 Dungeon Crawl Stone Soup version 0.21-a0-274-gc1afaeb (webtiles) character file.

1231 nikopol the Magician (level 8, -5/42 HPs)
             Began as a Deep Elf Fire Elementalist on Sept 18, 2017.
             Shot with an arrow by a centaur (9 damage)
             ... on level 5 of the Dungeon.
             The game lasted 00:25:07 (5790 turns).

nikopol the Magician (Deep Elf Fire Elementalist)   Turns: 5790, Time: 00:25:07

Health: -5/42      AC:  5    Str:  5    XL:     8   Next: 24%
Magic:  16/21      EV: 13    Int: 23    God:
Gold:   75         SH:  0    Dex: 12    Spells: 8/22 levels left

rFire    . . .     SeeInvis .   l - +0 dagger
rCold    . . .     Gourm    .   (no shield)
rNeg     . . .     Faith    .   a - +0 robe
rPois    .         Spirit   .   (no helmet)
rElec    .         Reflect  .   (no cloak)
rCorr    .         Harm     .   (no gloves)
MR       .....                  d - +2 pair of boots
Stlth    ++........             (no amulet)
HPRegen  0.14/turn              u - -3 ring of dexterity (curse)
MPRegen  0.17/turn              (no ring)

@: no status effects
A: no striking features
a: no special abilities


You were on level 5 of the Dungeon.
You were not hungry.

You visited 1 branch of the dungeon, and saw 5 of its levels.

You collected 250 gold pieces.
You spent 175 gold pieces at shops.

Inventory:

Hand Weapons
 l - a +0 dagger (weapon)
Armour
 a - a +0 robe (worn)
 d - a +2 pair of boots (worn)
Jewellery
 u - a cursed -3 ring of dexterity (left hand)
Wands
 w - a wand of random effects (21/48)
Scrolls
 e - 5 scrolls of teleportation
 h - 2 scrolls of blinking
 i - 3 scrolls of recharging {unknown}
 m - 2 scrolls of identify
 r - a scroll of enchant armour {unknown}
 s - a scroll of magic mapping {unknown}
 t - a scroll of immolation {unknown}
 y - 3 scrolls of fog {unknown}
 z - a scroll of amnesia {unknown}
 A - 2 scrolls of noise {unknown}
 B - a scroll of random uselessness {unknown}
 C - a scroll of enchant weapon {unknown}
Potions
 g - 2 potions of ambrosia {unknown}
 k - a potion of flight {unknown}
 n - 3 potions of haste {unknown}
 p - 3 potions of agility {unknown}
 q - a potion of invisibility
 x - 2 potions of lignification {unknown}
 D - a potion of curing {unknown}
 E - a potion of heal wounds {unknown}
Books
 b - a book of Flames

   Spells                             Type                      Level
   a - Flame Tongue                   Conjuration/Fire             1
   b - Throw Flame                    Conjuration/Fire             2
   c - Conjure Flame                  Conjuration/Fire             3
   d - Inner Flame                    Hexes/Fire                   3
   e - Sticky Flame                   Conjuration/Fire             4
   f - Fireball                       Conjuration/Fire             5
 v - a book of Minor Magic

   Spells                             Type                      Level
   a - Magic Dart                     Conjuration                  1
   b - Blink                          Translocation                2
   c - Call Imp                       Summoning                    2
   d - Slow                           Hexes                        2
   e - Conjure Flame                  Conjuration/Fire             3
   f - Mephitic Cloud                 Conjuration/Poison/Air       3
Comestibles
 c - 4 bread rations
 f - a meat ration
 j - a fruit
 o - a royal jelly


   Skills:
 + Level 0.5 Fighting
 + Level 3.7 Dodging
 + Level 3.2 Stealth
 + Level 7.8 Spellcasting
 + Level 5.7 Conjurations
 + Level 6.8 Fire Magic


You had 8 spell levels left.
You knew the following spells:

 Your Spells              Type           Power        Failure   Level  Hunger
a - Flame Tongue          Conj/Fire      #####        1%          1    None
b - Throw Flame           Conj/Fire      #####.       1%          2    None
c - Conjure Flame         Conj/Fire      #####...     1%          3    None
d - Fireball              Conj/Fire      #####.....   14%         5    #####..
e - Magic Dart            Conj           ####         1%          1    None
f - Blink                 Tloc           N/A          11%         2    None


Dungeon Overview and Level Annotations

Branches:
Dungeon (5/15)
 Temple: D:4-7

Altars:
Ashenzari
Gozag
Kikubaaqudgha
Makhleb
Nemelex Xobeh
Trog
Wu Jian
Yredelemnul
Zin

Shops:
D:5 ?


Message History

Confirm with . or Enter, or press ? or * to list all spells.
Aiming: Throw Flame
Press: ? - help, Shift-Dir - straight line, f/p - centaur
Aim: a centaur, wielding a shortbow (lightly wounded)
The puff of flame hits the centaur.
The centaur is moderately wounded.
The centaur shoots an arrow.
The arrow hits you!
* * * LOW HITPOINT WARNING * * *
The centaur shoots an arrow.
The arrow hits you.
* * * LOW HITPOINT WARNING * * *
Casting: Throw Flame
Confirm with . or Enter, or press ? or * to list all spells.
Aiming: Throw Flame
Press: ? - help, Shift-Dir - straight line, f/p - centaur
Aim: a centaur, wielding a shortbow (moderately wounded)
The puff of flame hits the centaur.
The centaur is severely wounded.
The centaur shoots an arrow.
The arrow misses you.
The centaur shoots an arrow.
The arrow hits you!
You die...

##################
............>....#
################.#
##### #.# )...#
#.# ....# #.#
....# #.# ....#
#@# ....# #.#
..).########## #.#
....(........# #(#
############.#
#.c...# #.......#
#####c#
#.#########
#.#<......#
#.####....#


You could see a centaur.

Vanquished Creatures
  The ghost of Monsterracer the Shooter, an amateur BaHu (D:3)
  Edmund (D:4)
  A phantom (D:5)
  2 centaurs (D:5)
  A bullfrog (D:5)
  A howler monkey (D:4)
  A jelly (D:5)
  3 orc priests (D:3)
  An orc wizard (D:4)
  A bullfrog skeleton (D:4)
  Natasha (twice) (D:2)
  4 worker ants
  A hound skeleton (D:4)
  4 gnolls (D:4)
  6 adders
  An ooze (D:5)
  An adder skeleton (D:4)
  3 worms
  A dart slug (D:3)
  4 leopard geckos
  20 orcs
  11 bats
  9 giant cockroaches
  4 goblins
  4 hobgoblins
  9 jackals
  5 quokkas (D:4)
  2 frilled lizards (D:2)
  A jackal skeleton (D:4)
  10 kobolds
  7 rats
122 creatures vanquished.

Notes
Turn   | Place    | Note
-------+----------+-------------------------------------------
     0 | D:1      | nikopol the Deep Elf Fire Elementalist began the quest for the Orb.
     0 | D:1      | Reached XP level 1. HP: 10/10 MP: 6/6
   323 | D:1      | Reached XP level 2. HP: 15/15 MP: 6/8
   937 | D:2      | Reached XP level 3. HP: 19/19 MP: 7/10
   948 | D:2      | Found a burning altar of Makhleb.
   948 | D:2      | Noticed an Executioner
   951 | D:2      | Noticed a hellwing
   951 | D:2      | Noticed a hellwing
  1059 | D:2      | Found an ancient bone altar of Kikubaaqudgha.
  1062 | D:2      | Found an ornate altar of the Wu Jian Council.
  1065 | D:2      | Found an opulent altar of Gozag.
  1257 | D:2      | Noticed Natasha
  1320 | D:2      | Learned a level 2 spell: Throw Flame
  1324 | D:2      | Learned a level 3 spell: Conjure Flame
  1332 | D:2      | Killed Natasha
  1332 | D:2      | Reached XP level 4. HP: 24/24 MP: 3/11
  1560 | D:2      | Noticed Natasha
  1563 | D:2      | Killed Natasha
  1563 | D:2      | Reached skill level 4 in Spellcasting
  1718 | D:2      | Reached XP level 5. HP: 14/28 MP: 2/13
  2105 | D:3      | Reached skill level 5 in Fire Magic
  2240 | D:3      | Noticed Monsterracer's ghost (amateur BaHu)
  2484 | D:3      | Reached skill level 5 in Spellcasting
  2491 | D:3      | Found a sparkling altar of Nemelex Xobeh.
  2832 | D:3      | Found a glowing silver altar of Zin.
  2841 | D:3      | Reached XP level 6. HP: 25/32 MP: 6/15
  3268 | D:3      | Killed Monsterracer's ghost
  3268 | D:3      | Reached skill level 6 in Spellcasting
  3486 | D:3      | Found a shattered altar of Ashenzari.
  3495 | D:3      | Reached XP level 7. HP: 36/36 MP: 16/18
  3511 | D:3      | Learned a level 5 spell: Fireball
  3513 | D:3      | Learned a level 1 spell: Magic Dart
  3516 | D:3      | Learned a level 2 spell: Blink
  4086 | D:4      | Found a basalt altar of Yredelemnul.
  4311 | D:4      | Noticed Edmund
  4506 | D:4      | Found a bloodstained altar of Trog.
  4906 | D:4      | Killed Edmund
  5048 | D:5      | Entered Level 5 of the Dungeon
  5049 | D:5      | Found Meroog's Magic Scroll Boutique.
  5056 | D:5      | Bought a scroll of teleportation for 42 gold pieces
  5056 | D:5      | Bought a scroll of identify for 28 gold pieces
  5056 | D:5      | Bought a scroll of blinking for 105 gold pieces
  5088 | D:5      | Reached skill level 7 in Spellcasting
  5088 | D:5      | Reached skill level 5 in Conjurations
  5167 | D:5      | Reached XP level 8. HP: 38/42 MP: 12/21
  5790 | D:5      | Shot with an arrow by a centaur

Vault maps used:
D:1:      mrwooster_arrival_statue_2
D:2:      makhleb_altar_promises_db, grunt_temple_overflow_diamond, uniq_natasha
D:3:      evilmike_ruin_ashenzari, nicolae_overflow_hidden_temple,
          lemuel_crystal_altar
D:4:      lemuel_crystal_altar, kennysheep_little_box, first_bread, uniq_edmund
D:5:      serial_shops, shop_scrolls

Skill      XL: |  1  2  3  4  5  6  7 |
---------------+----------------------+-----
Fire Magic     | 4 5 6 |  6.8
Spellcasting   | 4 5 6 7 |  7.8
Dodging        | 3 |  3.7
Conjurations   | 3 5 |  5.7
Stealth        | 3 |  3.2
Fighting       | |  0.5

Action                   |  1- 3 |  4- 6 |  7- 9 || total
-------------------------+-------+-------+-------++-------
 Cast: Flame Tongue      |    60 |   104 |   109 ||   273
       Throw Flame       |     1 |    36 |    23 ||    60
       Conjure Flame     |     1 |     3 |     4 ||     8
  Eat: Chunk             |     1 |     7 |     7 ||    15
Armor: Robe              |    11 |    11 |     4 ||    26
Dodge: Dodged            |    10 |    21 |    13 ||    44

Table legend:
 A = Spawn XP
 B = Non-spawn XP
 C = Spawn XP percentage of total XP
 D = Spawn monster count
 E = Non-spawn monster count
 F = Spawn count percentage of total count
 G = Total turns spent on level
                    A         B        C        D         E        F      G
               +---------+---------+-------+---------+---------+-------+---------
         Total |       0 |    1759 |   0.0 |       0 |     122 |   0.0 |  5790
               +---------+---------+-------+---------+---------+-------+---------
           D:1 |       0 |      18 |   0.0 |       0 |      11 |   0.0 |   746
           D:2 |       0 |     146 |   0.0 |       0 |      32 |   0.0 |  1373
           D:3 |       0 |     572 |   0.0 |       0 |      40 |   0.0 |  1745
           D:4 |       0 |     480 |   0.0 |       0 |      27 |   0.0 |  1184
           D:5 |       0 |     543 |   0.0 |       0 |      12 |   0.0 |   742
               +---------+---------+-------+---------+---------+-------+---------
